AoeStats
← Reis

Oasis

507781155Analyzed
4v4 RM · 13d ago on Sep 19, 2026· 24m 34s· 8 players
Game mode
Random Map
Map size
Large (8 player)
Population
200
Speed
Normal
Resources
Standard
Victory
Conquest
Starting age
Dark Age
Ending age
Imperial Age
RankedLock teamsTeams togetherTeam positionsShared explorationLock speedFull tech treeHidden civsTurbo modeCheats
Victory
Defeat
🇨🇳 Koreans · China
1404
+13
1398
+13
🇰🇷 Tatars · South Korea
1373
+14
🇩🇪 Britons · Germany
1314
+18
🇧🇷 Malay · Brazil
1362
-15
🇨🇭 Britons · Switzerland
1354
-15
🇬🇧 Japanese · United Kingdom
1340
-15
🇺🇿 Muisca · Uzbekistan
1292
-13
boluwatifeajibade
6:45 Loom
9:26 Feudal Age
9:30 Man-at-Arms
14:19 Double-Bit Axe
14:56 Fletching
15:02 Horse Collar
23:04 Castle Age
21:39 Gold Mining
23:03 Padded Archer Armor
23:49 Bodkin Arrow
24:20 Crossbowman
Reis
9:59 Feudal Age
10:17 Loom
16:04 Castle Age
14:12 Double-Bit Axe
16:13 Crossbowman
18:31 Fletching
21:26 Bodkin Arrow
karbid
10:01 Feudal Age
14:30 Castle Age
13:46 Wheelbarrow
13:37 Double-Bit Axe
13:34 Horse Collar
18:04 Loom
20:31 Town Watch
23:49 Champi Runner
24:29 Squires
J4cK
0:26 Loom
9:40 Feudal Age
13:10 Double-Bit Axe
19:36 Castle Age
17:50 Stone Mining
17:55 Gold Mining
17:54 Horse Collar
19:12 Stone Mining
19:34 Heavy Plow
19:47 Bow Saw
Ren
8:04 Loom
10:46 Feudal Age
12:00 Double-Bit Axe
14:06 Wheelbarrow
14:37 Horse Collar
19:52 Castle Age
18:50 Gold Mining
19:48 Stone Mining
21:11 Fletching
22:34 Bodkin Arrow
AOE2.GG | NONO
8:48 Loom
12:10 Feudal Age
15:44 Fletching
20:09 Castle Age
18:13 Double-Bit Axe
20:26 Horse Collar
20:26 Crossbowman
21:16 Padded Archer Armor
25:10 Ballistics
kdu0687
12:14 Feudal Age
17:10 Castle Age
14:56 Double-Bit Axe
15:58 Forging
16:57 Bloodlines
17:40 Scale Barding Armor
24:03 Husbandry
Ares_Hong Bang- Trieu Dynasty
9:04 Loom
11:03 Feudal Age
15:45 Castle Age
14:21 Horse Collar
14:28 Double-Bit Axe
17:03 Wheelbarrow
17:52 Bow Saw
18:23 Bow Saw
Connection lost

Rejoining the realm…

Still unreachable

The connection could not be restored.

Session expired

The server has moved on; the page needs a fresh start.